 Dungeon Crawl Stone Soup version 0.30.1-4-g462c640d31 (webtiles) character file.

Game seed: 11963819213950339831

554 FishyPogo the Insei (level 7, -1/52 HPs)
             Began as a Gnoll Transmuter on Sept 14, 2023.
             Was a Follower of Jiyva.
             Constricted to death by Grinder (4 damage)
             ... on level 6 of the Dungeon.
             The game lasted 00:08:10 (3965 turns).

FishyPogo the Insei (Gnoll Transmuter)              Turns: 3965, Time: 00:08:11

Health: -1/52      AC:  8    Str:  7    XL:     7   Next: 30%
Magic:  15/15      EV: 10    Int: 15    God:    Jiyva [*.....]
Gold:   282        SH:  0    Dex: 12    Spells: 8/17 levels left

rFire   . .          .
                       - Unarmed
rCold   . . .        (no shield)
rNeg    + . .        p - +5 leather armour of Genuocw {rPois rN+ Str-2}
rPois   +            (helmet currently unavailable)
rElec   .            (no cloak)
rCorr   .            (no gloves)
SInv    .            o - melded +0 pair of boots
Will    .....        (no amulet)
Stlth   ++           i - +4 ring of slaying
HPRegen 1.08/turn    (no ring)
MPRegen 0.39/turn

%: no passive effects
@: appendages, grasped by roots, constricted
A: horns 2, talons 2, fangs 1, strong nose, distributed training
a: End Transformation, Renounce Religion


You were on level 6 of the Dungeon.
You worshipped Jiyva.
Jiyva was aware of your devotion.
You had temporarily grown beastly horns and talons.
You visited 2 branches of the dungeon, and saw 7 of its levels.

You collected 282 gold pieces.

Inventory:

Missiles
 g - 45 stones
Armour
 o - a +0 pair of boots (melded)
 p - the +5 leather armour of Genuocw (worn) {rPois rN+ Str-2}
   (You found it on level 5 of the Dungeon)

   Str:       It affects your strength (-2).
   rPois:     It protects you from poison.
   rN:        It protects you from negative energy.
Jewellery
 i - a +4 ring of slaying (left hand)
Wands
 m - a wand of flame (13)
Scrolls
 a - a scroll of magic mapping {unknown}
 c - 2 scrolls of brand weapon {unknown}
 f - a scroll of amnesia {unknown}
 h - 3 scrolls of identify {unknown}
 j - a scroll of poison {unknown}
 l - a scroll of teleportation {unknown}
 n - a scroll of enchant armour {unknown}
Potions
 b - 3 potions of lignification
 d - a potion of heal wounds {unknown}
 e - 2 potions of invisibility {unknown}
 k - a potion of curing {unknown}


   Skills:
 + Level 3.6 Fighting
 + Level 2.5 Short Blades
 + Level 2.5 Long Blades
 + Level 2.5 Axes
 + Level 2.5 Maces & Flails
 + Level 2.5 Polearms
 + Level 2.5 Staves
 + Level 2.5 Ranged Weapons
 + Level 2.5 Throwing
 + Level 2.5 Armour
 + Level 5.2 Dodging
 + Level 2.5 Stealth
 + Level 2.5 Shields
 + Level 7.0 Unarmed Combat
 + Level 5.6 Spellcasting
 + Level 2.0 Conjurations
 + Level 2.0 Hexes
 + Level 2.0 Summonings
 + Level 2.0 Necromancy
 + Level 2.0 Translocations
 + Level 4.3 Transmutations
 + Level 2.0 Fire Magic
 + Level 2.0 Ice Magic
 + Level 2.0 Air Magic
 + Level 2.0 Earth Magic
 + Level 2.0 Poison Magic
 + Level 2.8 Invocations
 + Level 2.5 Evocations


You had 8 spell levels left.
You knew the following spells:

 Your Spells              Type           Power      Damage    Failure   Level
a - Beastly Appendage     Tmut           34%        N/A       3%          1
b - Wereblood             Tmut           17%        N/A       5%          2
c - Spider Form           Tmut/Pois      13%        N/A       19%         3
l - Call Canine Familiar  Summ           10%        N/A       28%         3

Your spell library contained the following spells:

 Spells                   Type           Power      Damage    Failure   Level
 Portal Projectile        Hex/Tloc       20%        N/A       28%         3
 Ice Form                 Ice/Tmut       13%        N/A       52%         4
 Leda's Liquefaction      Hex/Erth       5%         N/A       67%         4


Dungeon Overview and Level Annotations

Branches:
Dungeon (6/15)             Temple (1/1) D:5

Altars:
Ashenzari
Cheibriados
Dithmenos
Elyvilon
Fedhas
Gozag
Hepliaklqana
Kikubaaqudgha
Makhleb
Nemelex Xobeh
Okawaru
Qazlal
Ru
Sif Muna
Trog
Uskayaw
Vehumet
Wu Jian
Xom
Yredelemnul
Zin
The Shining One
Ignis
Jiyva
Lugonu

Shops:
D:1 (

Annotations:
D:6 Grinder


Innate Abilities, Weirdness & Mutations

You have temporarily grown beastly horns and talons.
You have very sharp teeth.
Your uncanny sense of smell can sniff out nearby items.
Your experience applies equally to all skills.


Message History

Grinder hits you!
You writhe in agony.
The grasping roots constrict you.
You closely miss Grinder. You claw Grinder.
Grinder is moderately wounded.
Grinder completely misses you. The grasping roots constrict you!
An adder comes into view.
You hit Grinder. Your kick misses Grinder. You headbutt Grinder.
You bite Grinder.
Grinder is heavily wounded.
Grinder barely misses you. The grasping roots constrict you.
You escape the roots grasp.
Grinder attacks as you move away! Grinder hits you.
* * * LOW HITPOINT WARNING * * *
Grinder zaps a wand.
The roots erupt in riotous growth!
The grasping roots grab you! The grasping roots constrict you.
* * * LOW HITPOINT WARNING * * *
You escape the roots grasp.
Grinder blinks!
You closely miss Grinder. Your kick misses Grinder. You bite Grinder.
Grinder is heavily wounded.
Grinder closely misses you.
You punch Grinder! Your kick misses Grinder. You headbutt Grinder.
You bite Grinder, but do no damage.
Grinder is severely wounded.
Grinder zaps a wand.
The roots erupt in riotous growth!
The grasping roots grab you!
Grinder is unaffected.
The grasping roots constrict you.
* * * LOW HITPOINT WARNING * * *
You barely miss Grinder. You headbutt Grinder.
Grinder is almost dead.
Grinder closely misses you. The grasping roots constrict you.
* * * LOW HITPOINT WARNING * * *
You barely miss Grinder. Your kick misses Grinder.
Grinder is almost dead.
You hit Grinder. Your kick misses Grinder.
Grinder is almost dead.
Grinder hits you!
* * * LOW HITPOINT WARNING * * *
You writhe in agony.
* * * LOW HITPOINT WARNING * * *
The grasping roots constrict you.
You die...

#....>....#
#.###..
#.........#
#.# ..
##..^....##
..# .
#.........
#.###.###.
#.# ...
#.## ....
#..# ...#
##@# ...
#5# #S#
#..# ##..#
#.# .# .# #


You could see Grinder and an adder.

Vanquished Creatures
  A scorpion (D:5)
  A jelly (D:4)
  4 orc priests
  An iguana (D:5)
  A sleepcap (D:5)
  5 orc wizards
  8 adders
  A white imp (D:6)
  2 ufetubi
  2 worms (D:3)
  2 dart slugs (D:1)
  10 orcs
  4 endoplasms
  3 giant cockroaches
  5 goblins
  7 hobgoblins
  2 quokkas
  6 ball pythons (D:2)
  5 bats
  3 frilled lizards
  4 kobolds
  2 rats
79 creatures vanquished.

Vanquished Creatures (others)
  An ogre (D:5)
  3 jellies (D:5)
  A hound (D:5)
  3 gnolls (D:5)
8 creatures vanquished.

Grand Total: 87 creatures vanquished

Notes
Turn   | Place    | Note
-------+----------+-------------------------------------------
     0 | D:1      | FishyPogo the Gnoll Transmuter began the quest for the Orb.
     0 | D:1      | Reached XP level 1. HP: 17/17 MP: 6/6
    55 | D:1      | Reached XP level 2. HP: 23/23 MP: 7/7
   313 | D:1      | Found Xoetroak's Weapon Shoppe.
   964 | D:2      | Reached skill level 5 in Spellcasting
   964 | D:2      | Reached XP level 3. HP: 28/28 MP: 6/9
   967 | D:2      | Learned a level 2 spell: Wereblood
   971 | D:2      | Learned a level 3 spell: Spider Form
  1309 | D:2      | Reached skill level 1 in Invocations
  1447 | D:2      | Found a faded altar of an unknown god.
  1603 | D:3      | Reached skill level 1 in Short Blades
  1603 | D:3      | Reached skill level 1 in Long Blades
  1603 | D:3      | Reached skill level 1 in Axes
  1603 | D:3      | Reached skill level 1 in Maces & Flails
  1603 | D:3      | Reached skill level 1 in Polearms
  1603 | D:3      | Reached skill level 1 in Staves
  1603 | D:3      | Reached skill level 1 in Ranged Weapons
  1603 | D:3      | Reached skill level 1 in Throwing
  1603 | D:3      | Reached skill level 1 in Armour
  1603 | D:3      | Reached skill level 1 in Stealth
  1603 | D:3      | Reached skill level 1 in Shields
  1603 | D:3      | Reached skill level 1 in Evocations
  1803 | D:3      | Reached XP level 4. HP: 34/34 MP: 9/11
  2026 | D:3      | Reached skill level 1 in Conjurations
  2026 | D:3      | Reached skill level 1 in Hexes
  2026 | D:3      | Reached skill level 1 in Summonings
  2026 | D:3      | Reached skill level 1 in Necromancy
  2026 | D:3      | Reached skill level 1 in Translocations
  2026 | D:3      | Reached skill level 1 in Fire Magic
  2026 | D:3      | Reached skill level 1 in Ice Magic
  2026 | D:3      | Reached skill level 1 in Air Magic
  2026 | D:3      | Reached skill level 1 in Earth Magic
  2026 | D:3      | Reached skill level 1 in Poison Magic
  2426 | D:4      | Reached XP level 5. HP: 38/40 MP: 10/12
  2487 | D:4      | Learned a level 3 spell: Call Canine Familiar
  2866 | D:5      | Entered Level 5 of the Dungeon
  2900 | D:5      | Reached XP level 6. HP: 24/47 MP: 11/14
  2902 | D:5      | Found a staircase to the Ecumenical Temple.
  2905 | D:5      | Reached skill level 5 in Dodging
  2922 | Temple   | Entered the Ecumenical Temple
  2959 | Temple   | Became a worshipper of Jiyva Jakhuozu the Shapeless
  3362 | D:5      | Reached skill level 7 in Unarmed Combat
  3362 | D:5      | Reached XP level 7. HP: 41/52 MP: 13/15
  3411 | D:5      | Identified the +5 leather armour of Genuocw {rPois rN+
                  | Str-2}
  3443 | D:5      | Reached * piety under Jiyva
  3946 | D:6      | Noticed Grinder
  3951 | D:6      | Paralysed by Grinder for 3 turns
  3965 | D:6      | Constricted to death by Grinder

Illustrated notes

Levels and vault maps discovered:
D:1:      mrwooster_arrival_statue_3, layout_loops_cross, serial_shops,
          nicolae_shop_real_fake_doors
D:2:      layout_basic, chequers_ecumenical_altar_twisty, skrybe_limestone_x,
          minmay_misc_feat_five, grunt_decor_cap, minmay_ruptured
D:3:      layout_loops_ring, amcnicky_mini_pool_small
D:4:      layout_rooms, nrook_uturn
D:5:      layout_gridville, minmay_temple_entry_stoned_glass,
          minmay_misc_feat_ornament
D:6:      layout_rooms, uniq_grinder
Temple:   hellmonk_choose_your_character

Skill      XL: |  1  2  3  4  5  6  7 |
---------------+----------------------+-----
Spellcasting   | 5 |  5.6
Invocations    | 1 2 |  2.8
Short Blades   | 1 2 |  2.5
Long Blades    | 1 2 |  2.5
Axes           | 1 2 |  2.5
Maces & Flails | 1 2 |  2.5
Polearms       | 1 2 |  2.5
Staves         | 1 2 |  2.5
Ranged Weapons | 1 2 |  2.5
Throwing       | 1 2 |  2.5
Armour         | 1 2 |  2.5
Stealth        | 1 2 |  2.5
Shields        | 1 2 |  2.5
Evocations     | 1 2 |  2.5
Conjurations   | 1 2 |  2.0
Hexes          | 1 2 |  2.0
Summonings     | 1 2 |  2.0
Necromancy     | 1 2 |  2.0
Translocations | 1 2 |  2.0
Fire Magic     | 1 2 |  2.0
Ice Magic      | 1 2 |  2.0
Air Magic      | 1 2 |  2.0
Earth Magic    | 1 2 |  2.0
Poison Magic   | 1 2 |  2.0
Fighting       | 3 |  3.6
Transmutations | 4 |  4.3
Dodging        | 5 |  5.2
Unarmed Combat | 7 |  7.0

Action                     |  1- 3 |  4- 6 |  7- 9 || total
---------------------------+-------+-------+-------++-------
  Melee: Unarmed           |    73 |    67 |    30 ||   170
         Headbutt          |    10 |    10 |     8 ||    28
         Kick              |    14 |    14 |    11 ||    39
         Bite              |     4 |     5 |     4 ||    13
         Punch             |     4 |     6 |     1 ||    11
  Throw: Stone             |       |       |     1 ||     1
   Cast: Beastly Appendage |    37 |    17 |     7 ||    61
         Wereblood         |       |     2 |     1 ||     3
         Call Canine Famil |       |       |     1 ||     1
Ability: End Transformatio |       |     1 |       ||     1
   Stab: Sleeping          |     2 |       |       ||     2
 Armour: Robe              |     9 |     9 |       ||    18
         Leather armour    |       |       |     5 ||     5
  Dodge: Dodged            |    35 |    31 |    11 ||    77
